Map: Blackpink LE

Players

TruckerOG - Winner!

  • Race: Protoss Protoss
  • League: Master
  • Spawn Location: 1:00

EyeSee

  • Race: Zerg Zerg
  • League: Diamond
  • Spawn Location: 7:00

VOD

Have the link to the VOD?

Description

Time

  • Played on: March 27, 2018, 1:40 p.m.
  • Length: 11:13
Show
View Real Time Build Order
Export as new Build Order

TruckerOG Protoss - Winner!

Build Orders: 1 Gate Expand 

Get SALT Encoding   

  12  0:00  Probe  
  13  0:12  Probe  
  14  0:21  Pylon  
  14  0:25  Probe  
  15  0:39  Gateway, Probe (Chrono Boost)  
  16  0:49  Assimilator  
  17  0:50  Probe (Chrono Boost)  
  17  0:55  Probe (Chrono Boost)  
  18  1:05  Probe  
  19  1:18  Probe  
  20  1:27  Nexus  
  20  1:39  Cybernetics Core  
  20  1:43  Probe  
  21  1:48  Assimilator  
  21  1:55  Probe  
  21  1:58  Pylon  
  22  2:07  Probe  
  23  2:14  Adept (Chrono Boost)  
  23  2:16  Warp Gate  
  23  2:19  Probe  
  25  2:31  Twilight Council, Probe  
  25  2:36  Adept  
  28  2:39  Shield Battery  
  28  2:41  Probe  
  29  2:45  Probe  
  30  2:53  Probe  
  30  2:57  Probe  
  32  3:05  Probe  
  32  3:09  Probe  
  32  3:10  Resonating Glaives (Chrono Boost)  
  32  3:12  Gateway  
  34  3:15  Gateway  
  34  3:21  Probe  
  34  3:23  Probe  
  36  3:28  Adept  
  36  3:33  Probe  
  39  3:36  Probe  
  40  3:46  Pylon  
  40  3:49  Probe (Chrono Boost)  
  40  3:55  Probe (Chrono Boost)  
  42  3:57  Pylon  
  42  3:59  Probe (Chrono Boost)  
  42  4:00  Robotics Facility  
  44  4:03  Probe (Chrono Boost)  
  44  4:04  Probe (Chrono Boost)  
  45  4:12  Pylon  
  45  4:13  Probe  
  46  4:20  Adept x2  
  46  4:21  Adept  
  52  4:32  Nexus  
  52  4:42  Adept  
  52  4:43  Adept x2  
  58  4:48  Pylon  
  58  4:50  Probe  
  58  4:51  Probe  
  58  4:52  Observer (Chrono Boost)  
  61  4:56  Robotics Facility  
  61  5:03  Adept  
  61  5:07  Adept x2  
  63  5:30  Probe x2  
  63  5:32  Immortal  
  65  5:50  Adept x3  
  65  5:51  Probe (Chrono Boost)  
  65  5:56  Assimilator, Immortal  
  65  5:57  Probe x2 (Chrono Boost)  
  74  5:58  Assimilator  
  74  6:01  Probe (Chrono Boost)  
  74  6:04  Assimilator  
  71  6:05  Assimilator, Probe x2 (Chrono Boost)  
  71  6:06  Probe (Chrono Boost)  
  71  6:11  Adept x3, Immortal  
  82  6:29  Gateway  
  82  6:30  Gateway x2  
  82  6:32  Adept x2  
  82  6:33  Adept  
  86  6:45  Probe  
  86  6:46  Blink (Chrono Boost), Probe x2  
  89  6:48  Pylon  
  89  6:52  Pylon  
  83  7:13  Adept  
  83  7:14  Adept x2, Probe  
  83  7:15  Probe x2  
  92  7:22  Immortal (Chrono Boost)  
  92  7:29  Pylon  
  100  7:30  Nexus  
  100  7:31  Pylon x2  
  100  7:33  Immortal (Chrono Boost)  
  100  7:34  Adept x2, Pylon  
  100  7:36  Probe x2  
  100  7:38  Probe  
  97  7:44  Adept  
  97  7:45  Adept  
  97  7:48  Probe  
  97  7:50  Probe x2  
  104  7:53  Pylon  
  104  7:59  Pylon  
  104  8:00  Probe  
  104  8:02  Probe  
  104  8:17  Adept  
  104  8:18  Adept x5  
  110  8:42  Probe  
  110  8:44  Stalker x6  
  110  8:48  Probe x2  
  124  8:49  Assimilator, Probe  
  124  8:50  Assimilator  
  124  8:54  Probe  
  119  9:00  Immortal (Chrono Boost)  
  119  9:06  Warp Prism (Chrono Boost)  
  119  9:07  Stalker  
  119  9:08  Stalker x5  
  133  9:21  Gateway  
  133  9:25  Gateway x2  
  133  9:26  Gateway  
  133  9:34  Probe x2  
  135  9:40  Forge x2, Pylon  
  135  9:41  Probe  
  135  9:43  Immortal (Chrono Boost)  
  135  9:44  Pylon, Immortal (Chrono Boost)  
  140  9:48  Pylon  
  144  9:55  Stalker x2  
  144  9:56  Sentry x2  
  144  9:57  Sentry  
  154  10:02  Pylon  
  154  10:19  Stalker  
  154  10:20  Stalker x5  
  166  10:24  Observer  
  167  10:32  Photon Cannon  
  167  10:34  Photon Cannon x2  
  167  10:53  Zealot  
  167  10:54  Zealot x8  
  167  10:55  Zealot  
Show
View Real Time Build Order
Export as new Build Order

EyeSee Zerg 

Build Orders: Pool First 

Get SALT Encoding   

  12  0:07  Drone  
  13  0:09  Drone  
  14  0:18  Overlord  
  14  0:25  Extractor  
  14  0:26  Drone  
  15  0:42  Drone  
  16  0:43  Drone  
  17  0:54  Spawning Pool  
  17  0:55  Drone  
  17  0:57  Extractor  
  16  1:06  Drone  
  17  1:22  Hatchery  
  16  1:26  Drone  
  16  1:31  Drone  
  18  1:35  Drone  
  19  1:46  Zergling x2  
  20  1:56  Zergling x2  
  21  2:09  Drone  
  22  2:25  Hatchery  
  21  2:32  Overlord  
  21  2:33  Drone, Queen  
  24  2:40  Drone x2  
  25  2:51  Drone  
  25  2:56  Drone  
  27  3:01  Zergling x2  
  27  3:02  Metabolic Boost  
  28  3:06  Queen, Zergling x2  
  28  3:11  Queen  
  33  3:21  Drone x3  
  36  3:31  Overlord  
  36  3:43  Queen  
  38  3:51  Zergling x6  
  38  3:52  Zergling x2  
  42  3:58  Baneling Nest, Drone x3  
  42  4:01  Zergling x6  
  47  4:09  Drone  
  49  4:10  Drone x2  
  49  4:11  Lair  
  50  4:32  Overlord  
  50  4:40  Overlord  
  50  4:50  Queen  
  52  4:56  Zergling x12  
  52  4:57  Overlord x2  
  46  5:25  Zergling x14  
  46  5:26  Zergling x2  
  50  5:30  Zergling x10  
  54  5:42  Zergling x4  
  50  5:56  Zergling x6  
  47  5:58  Zergling x6  
  48  6:18  Drone x6  
  54  6:28  Zergling x4  
  54  6:29  Drone  
  54  6:31  Pneumatized Carapace  
  56  6:34  Zergling x2  
  50  6:41  Zergling x6  
  50  6:45  Queen x2  
  49  7:05  Zergling x2  
  46  7:09  Zergling x4  
  46  7:10  Zergling x16  
  46  7:13  Zergling x2  
  54  7:21  Zergling x4  
  52  7:31  Zergling x6  
  52  7:32  Zergling x4  
  51  7:39  Zergling x2  
  51  7:52  Drone x3  
  51  7:53  Drone  
  51  7:54  Drone x2  
  57  8:14  Drone  
  57  8:15  Drone x5  
  62  8:27  Zergling x10  
  64  8:35  Zergling x8  
  64  8:40  Roach Warren  
  61  8:46  Zergling x2  
  59  8:55  Drone x5  
  61  9:07  Drone x3  
  59  9:25  Zergling x2  
  59  9:26  Zergling x8  
  59  9:29  Glial Reconstitution  
  64  9:38  Roach x2  
  66  9:39  Roach x2  
  66  9:40  Extractor  
  66  9:45  Roach  
  73  9:46  Overlord  
  73  9:53  Drone x2  
  73  9:55  Drone  
  73  9:58  Hatchery  
  73  9:59  Evolution Chamber  
  74  10:03  Evolution Chamber  
  74  10:05  Zergling x10  
  78  10:13  Zergling x2  
  80  10:14  Zergling x6  
  80  10:18  Overlord  
  82  10:23  Drone, Hydralisk Den  
  82  10:25  Drone  
  82  10:27  Zergling x2  
Tags
 
Add a new tag
Caveats
  • Supply blocks, unpowered buildings, or Contaminate may cause inaccurate times.
  • Supply counts are checked every 10 seconds.